 Dungeon Crawl Stone Soup version 0.30-a0-757-ga6a79fd877 (webtiles) character file.

Game seed: 13594861538556686556

122 lunkers the Cudgeller (level 5, -1/12 (41) HPs)
             Began as a Meteoran Reaver on Feb 9, 2023.
             Was a Follower of Vehumet.
             Slain by an orc
             ... wielding a +0 flail
              (6 damage)
             ... on level 3 of the Dungeon.
             The game lasted 00:05:06 (1086 turns).

lunkers the Cudgeller (Meteoran Reaver)             Turns: 1086, Time: 00:05:07

HP:   -1/12 (41)    AC:  3    Str: 13    XL:     5   Next: 53%
MP:   6/10          EV: 12    Int: 23    God:    Vehumet [*.....]
Gold: 109           SH:  5    Dex: 12    Spells: 8/9 levels left

rFire   . . .      SeeInvis .    a - +0 mace
rCold   . . .      Faith    .    (no shield)
rNeg    . . .      Spirit   .    b - +0 leather armour
rPois   .          Reflect  +    (no helmet)
rElec   .          Harm     .    (no cloak)
rCorr   .          Rampage  .    (no gloves)
Will    .....                    (no boots)
Stlth   +                        i - amulet of reflection
HPRegen 0.22/turn                n - +6 ring of intelligence
MPRegen 0.12/turn                (no ring)

@: glowing, extremely drained
A: sense surroundings 1, otherworldly, glowing, explore regen
a: Renounce Religion


You were on level 3 of the Dungeon.
You worshipped Vehumet.
Vehumet was aware of your devotion.
You visited 1 branch of the dungeon, and saw 3 of its levels.

You collected 109 gold pieces.

Inventory:

Hand Weapons
 a - a +0 mace (weapon)
Armour
 b - a +0 leather armour (worn)
Magical Staves
 m - a staff of death
Jewellery
 i - an amulet of reflection (around neck)
 n - a +6 ring of intelligence (left hand)
Wands
 o - a wand of roots (10)
Scrolls
 c - 2 scrolls of enchant weapon {unknown}
 d - 5 scrolls of identify {unknown}
 p - a scroll of amnesia {unknown}
Potions
 e - 4 potions of flight {unknown}
 f - a potion of haste {unknown}
 g - a potion of berserk rage {unknown}
 h - 2 potions of attraction {unknown}
 j - 2 potions of might {unknown}
 k - a potion of heal wounds {unknown}
 l - a potion of lignification {unknown}


   Skills:
 - Level 2.1 Fighting
 + Level 5.9 Maces & Flails
 - Level 2.4 Dodging
 - Level 2.6 Spellcasting
 + Level 5.4 Conjurations


You had 8 spell levels left.
You knew the following spells:

 Your Spells              Type           Power      Damage    Failure   Level
p - Kiss of Death         Conj/Necr      60%        2d10      4%          1

Your spell library contained the following spells:

 Spells                   Type           Power      Damage    Failure   Level
 Sandblast                Erth           6%         2d5       16%         1
 Momentum Strike          Conj/Tloc      30%        3d8       8%          2
 Hailstorm                Conj/Ice       15%        3d5       16%         3


Dungeon Overview and Level Annotations

Branches:
Dungeon (3/15) Zot: 696

Altars:
Vehumet
Yredelemnul

Annotations:
D:3 1 runed translucent door


Innate Abilities, Weirdness & Mutations

You passively map a small area around you.
You are easily found by Zot.
You glow in the dark.
You regain HP and MP as you explore.


Message History

You hit the dart slug but do no damage.
The dart slug is lightly wounded.
The dart slug barely misses you.
You hit the dart slug.
The dart slug is heavily wounded.
You hit the dart slug.
The dart slug is severely wounded.
The dart slug bites you but does no damage.
You completely miss the dart slug.
The dart slug is severely wounded.
The dart slug closely misses you.
You hit the dart slug but do no damage.
The dart slug is severely wounded.
The dart slug bites you but does no damage.
You hit the dart slug.
You kill the dart slug!
Vehumet accepts your kill.
You hit the orc.
The orc is heavily wounded.
The orc hits you with a +2 antimagic dagger.
* * * LOW HITPOINT WARNING * * *
You feel your power leaking away.
Press: ? - help, v - describe, . - travel, g - get item
Here: an orc, wielding a +2 antimagic dagger (heavily wounded)
Items here: ))) [[ †††.
The floor.
Casting: Kiss of Death (safe; 4% risk of failure)
Confirm with . or Enter, or press ? or * to list all spells.
Aiming: Kiss of Death (safe; 4% risk of failure)
Press: ? - help, Shift-Dir - straight line, f - orc
Aim: an orc, wielding a +2 antimagic dagger (heavily wounded, 100% to hit)
The negative energy hits the orc!
The orc is drained!
You kill the orc!
Vehumet accepts your kill.
You feel drained.
Unknown command.
You hit the orc but do no damage. The orc closely misses you.
The orc hits you with a +0 flail.
Ouch! That really hurt!
You die...

* #........ *
######.<.###..
..###........#
........##...###.
* *
..###...#........
####.....####. *
##.....<...
##.###### * , #@#
#o# , #'# , * *
... * * ** .....
* , * , ....... ,
* * ,, ....>....
..........+
*#..........#


You could see an orc.

Vanquished Creatures
  Jessica (D:3)
  Ijyb (D:3)
  3 adders (D:2)
  4 dart slugs
  4 orcs (D:3)
  An endoplasm (D:2)
  3 giant cockroaches
  4 goblins
  2 hobgoblins
  2 quokkas
  3 ball pythons
  2 frilled lizards
  3 kobolds
  4 rats
37 creatures vanquished.

Notes
Turn   | Place    | Note
-------+----------+-------------------------------------------
     0 | D:1      | lunkers the Meteoran Reaver began the quest for the Orb.
     0 | D:1      | Reached XP level 1. HP: 17/17 MP: 5/5
    81 | D:1      | Reached XP level 2. HP: 16/24 MP: 6/6
   288 | D:2      | Reached XP level 3. HP: 16/29 MP: 8/8
   380 | D:2      | Reached skill level 5 in Maces & Flails
   573 | D:2      | Reached XP level 4. HP: 18/32 MP: 7/9
   630 | D:3      | Found a faded altar of an unknown god.
   644 | D:3      | Prayed at the altar of an unknown god.
   644 | D:3      | Became a worshipper of Vehumet
   644 | D:3      | Reached * piety under Vehumet
   644 | D:3      | Offered knowledge of Sandblast by Vehumet.
   665 | D:3      | Found a runed translucent door.
   665 | D:3      | Noticed a human
   669 | D:3      | Found a basalt altar of Yredelemnul.
   896 | D:3      | Noticed Ijyb
   914 | D:3      | Killed Ijyb
   915 | D:3      | Reached skill level 5 in Conjurations
   915 | D:3      | Reached XP level 5. HP: 12/20 MP: 4/10
  1062 | D:3      | Noticed Jessica
  1067 | D:3      | Killed Jessica
  1086 | D:3      | Slain by an orc

Illustrated notes

Levels and vault maps discovered:
D:1:      psy_arrival_spokes, layout_basic
D:2:      minmay_alternating_diamond, layout_basic, serial_shops,
          shop_fountains, minmay_surrounded
D:3:      layout_loops_corners, dk_yredelemnul_ordeal,
          hellmonk_ecumenical_altar_lost_god, uniq_jessica, uniq_ijyb

Skill      XL: |  1  2  3  4 |
---------------+-------------+-----
Conjurations   | 4 5 |  5.4
Maces & Flails | 5 |  5.9
Fighting       | |  2.1
Dodging        | |  2.4
Spellcasting   | |  2.6

Action                     |  1- 3 |  4- 6 || total
---------------------------+-------+-------++-------
  Melee: Mace              |    69 |    42 ||   111
   Cast: Kiss of Death     |     1 |     6 ||     7
 Armour: Leather armour    |    22 |     5 ||    27
  Dodge: Dodged            |    31 |    16 ||    47
  Block: Other             |     8 |     6 ||    14

Table legend: (Time is in decaauts)
 A = Elapsed time spent in this place.
 B = Non-inter-level travel time spent in this place.
 C = Inter-level travel time spent in this place.
 D = Time resting spent in this place.
 E = Time spent auto-exploring this place.
 F = Levels seen in this place.
 G = Mean time per level.
                   A        B        C        D        E       F      G
               +--------+--------+--------+--------+--------+-----+--------+
         Total |   1102 |   1097 |      5 |      0 |    770 |   3 |  367.3 |
       Dungeon |   1102 |   1097 |      5 |      0 |    770 |   3 |  367.3 |
               +--------+--------+--------+--------+--------+-----+--------+

Top non-repeatable levels by time:
     D:3: 479 daAuts
     D:2: 342 daAuts
     D:1: 280 daAuts
